 Dungeon Crawl Stone Soup version 0.21.1-1-g345015f (webtiles) character file.

102 tidbits the Chiller (level 4, 48/48 HPs)
             Began as a Gnoll Ice Elementalist on Apr 5, 2018.
             Quit the game in the Ecumenical Temple.
             The game lasted 00:06:12 (526 turns).

tidbits the Chiller (Gnoll Ice Elementalist)         Turns: 526, Time: 00:06:12

Health: 48/48      AC: 22    Str:  7 (10) XL:     4   Next: 77%
Magic:  11/11      EV:  2    Int: 18 (19) God:
Gold:   92         SH:  0    Dex: 13 (15) Spells: 3/13 levels left

rFire    . . .     SeeInvis .   c - 2 rations
rCold    . . .     Gourm    .   (no shield)
rNeg     + + +     Faith    .   (armour currently unavailable)
rPois    +         Spirit   .   (helmet currently unavailable)
rElec    .         Reflect  .   (cloak currently unavailable)
rCorr    .         Harm     .   (gloves currently unavailable)
MR       .....     NoTele   +   (boots currently unavailable)
Stlth    +++.......             (no amulet)
HPRegen  0.16/turn              (no ring)
MPRegen  0.12/turn              (no ring)

@: tree-form (expiring)
A: distributed training, strong nose
a: no special abilities


You were in the Ecumenical Temple.
You were not hungry.
You were a tree.
You visited 2 branches of the dungeon, and saw 5 of its levels.

You collected 92 gold pieces.

Inventory:

Hand Weapons
 a - a +3 dagger
 h - a +0 mace
 j - a +0 hunting sling
 o - a +0 flail
 s - a +0 dagger
 t - a +2 flail of protection
   (You took it off an orc on level 4 of the Dungeon)
Missiles
 i - 37 stones (quivered)
Armour
 e - a +0 robe (melded)
 u - a +0 ring mail
Jewellery
 v - an uncursed ring of loudness
   (You found it on level 4 of the Dungeon)
Scrolls
 p - 3 scrolls of teleportation
Potions
 g - a potion of cancellation
 l - 3 potions of heal wounds
Books
 b - a book of Frost

   Spells                             Type                      Level
   a - Freeze                         Ice                          1
   b - Throw Frost                    Conjuration/Ice              2
   c - Ozocubu's Armour               Charms/Ice                   3
   d - Throw Icicle                   Conjuration/Ice              4
   e - Summon Ice Beast               Ice/Summoning                4
Comestibles
 c - 2 rations (in branch)


   Skills:
 + Level 1.2 Fighting
 + Level 1.2 Short Blades
 + Level 1.2 Long Blades
 + Level 1.2 Axes
 + Level 1.2 Maces & Flails
 + Level 1.2 Polearms
 + Level 1.2 Staves
 + Level 1.2 Slings
 + Level 1.2 Bows
 + Level 1.2 Crossbows
 + Level 1.2 Throwing
 + Level 1.2 Armour
 + Level 4.7 Dodging
 + Level 4.3 Stealth
 + Level 1.2 Shields
 + Level 1.2 Unarmed Combat
 + Level 5.1 Spellcasting
 + Level 2.3 Conjurations
 + Level 1.0 Hexes
 + Level 1.0 Charms
 + Level 1.0 Summonings
 + Level 1.0 Necromancy
 + Level 1.0 Translocations
 + Level 1.0 Transmutations
 + Level 1.0 Fire Magic
 + Level 5.5 Ice Magic
 + Level 1.0 Air Magic
 + Level 1.0 Earth Magic
 + Level 1.0 Poison Magic
 + Level 1.3 Invocations
 + Level 1.2 Evocations


You had 3 spell levels left.
You knew the following spells:

 Your Spells              Type           Power        Failure   Level  Hunger
a - Freeze                Ice            ###.         1%          1    None
j - Throw Frost           Conj/Ice       ###...       4%          2    #......
o - Ozocubu's Armour      Chrm/Ice       ###.....     11%         3    ##.....
x - Summon Ice Beast      Ice/Summ       ###.....     34%         4    ####...


Dungeon Overview and Level Annotations

Branches:
Dungeon (4/15)             Temple (1/1) D:4

Altars:
Ashenzari
Dithmenos
Elyvilon
Fedhas
Gozag
Kikubaaqudgha
Makhleb
Nemelex Xobeh
Okawaru
Qazlal
Ru
Trog
Uskayaw
Vehumet
Xom
Zin

Annotations:
D:3 Grinder


Innate Abilities, Weirdness & Mutations

Your experience applies equally to all skills.
((You have very sharp teeth.))
Your uncanny sense of smell can sniff out nearby items.


Message History

Casting: Freeze
Confirm with . or Enter, or press ? or * to list all spells.
Aiming: Freeze
Press: ? - help, Shift-Dir - straight line, f - orc
Aim: an orc, wielding a mace (severely wounded)
You freeze the orc.
You kill the orc!
Items here: )))) [ ††
t - a flail of protection;
u - a ring mail
Things that are here:
a club; a ring mail; an orc corpse You see here a coral ring.
v - a coral ring Put on which piece of jewellery? (? for menu, Esc to quit)
Oops, that ring feels deathly cold.
v - a cursed ring of loudness (left hand)
You see here 18 gold pieces.
You now have 78 gold pieces (gained 18).
As you read the scroll labeled IKEIFU TUORU, it crumbles to dust.
You feel strangely unstable.
It was a scroll of teleportation.
Your surroundings suddenly seem different.
Found 14 gold pieces.
Found a stone staircase leading up.
Okay, then.
Found 11 gold pieces.
Unknown command.
Found 14 gold pieces.
You see here 14 gold pieces.
You now have 92 gold pieces (gained 14).
Found a staircase to the Ecumenical Temple.
Found a bubbling green potion.
You enter the shallow water.
Moving in this stuff is going to be slow.
A jackal and a hippogriff come into view.
The hippogriff screeches!
You hear a bark! 2 jackals and a giant cockroach come into view.
There is a staircase to the Ecumenical Temple here.
Unknown command.
The jackal barks!
You climb downwards.
Welcome to the Ecumenical Temple!
Found three altars.
There is a staircase back to the Dungeon here.
Unknown command.
Found three altars.
Found three altars.
There is an opulent altar of Gozag here.
Found three altars.
There is a burning altar of Makhleb here.
Found three altars.
There is a sparkling altar of Nemelex Xobeh here.
Found a bloodstained altar of Trog.
There is a shimmering altar of Xom here.
As you read the scroll labeled AFIOGA JOMEF, it crumbles to dust.
The scroll dissolves into smoke.
It was a scroll of fog.
As you read the scroll labeled XUNKAKL KOKHIBB, it crumbles to dust.
The air around you briefly surges with heat, but it dissipates.
It was a scroll of immolation.
As you read the scroll labeled TUEXKI CYHEIFO, it crumbles to dust.
It is a scroll of amnesia.
Okay, then.
As you read the scroll labeled FETUSM NOICUM, it crumbles to dust.
You feel as if something is helping you.
It was a scroll of remove curse.
You remove your ring of loudness.
There is a shimmering altar of Xom here.
There is a sparkling altar of Nemelex Xobeh here.
There is a burning altar of Makhleb here.
There is an opulent altar of Gozag here.
There is a staircase back to the Dungeon here.
It was a potion of cancellation.
You feel magically purged.
It was a potion of degeneration.
There was something very wrong with that liquid.
You feel weakened.
You feel dopey.
You feel clumsy.
It was a potion of curing.
You feel better.
It was a potion of lignification.
You turn into a tree.
Your +0 robe melds into your body.
Your roots penetrate the ground.
Wield which item (- for none, * to show all)? (? for menu, Esc to quit)
c - 2 rations (in branch)
You swing at nothing.
You swing at nothing.
You swing at nothing.
You swing at nothing.
You swing at nothing.
You swing at nothing.
You swing at nothing.
You swing at nothing.
HP restored.
You swing at nothing.
You swing at nothing.
You swing at nothing.
You swing at nothing.
You swing at nothing.
You swing at nothing.
You swing at nothing.
You swing at nothing.
You swing at nothing.
You swing at nothing.
You swing at nothing.
Your transformation is almost over.
Are you sure you want to abandon this character and quit the game? (Confirm with "yes".)

#.........#
#8._._._.8#
#.........#
#.........#
#.........#
#.####...####.#
...............
#.#.#.#.#.#.#.#
≈≈≈≈≈≈≈♣≈≈≈≈≈≈≈
♣♣♣♣♣♣♣♣♣♣♣♣♣♣♣


There were no monsters in sight!

Vanquished Creatures
  Terence (D:2)
  Natasha (D:3)
  2 adders
  5 orcs (D:4)
  4 bats
  5 goblins
  2 hobgoblins (D:3)
  4 jackals (D:2)
  A frilled lizard (D:1)
  3 kobolds
  2 rats (D:2)
30 creatures vanquished.

Notes
Turn   | Place    | Note
-------+----------+-------------------------------------------
     0 | D:1      | tidbits the Gnoll Ice Elementalist began the quest for the Orb.
     0 | D:1      | Reached XP level 1. HP: 13/13 MP: 6/6
    50 | D:2      | Reached skill level 2 in Conjurations
    70 | D:2      | Reached XP level 2. HP: 19/19 MP: 4/7
    74 | D:2      | Learned a level 2 spell: Throw Frost
   136 | D:2      | Reached XP level 3. HP: 25/25 MP: 1/9
   185 | D:1      | Reached skill level 5 in Spellcasting
   229 | D:2      | Noticed Terence
   238 | D:2      | Killed Terence
   238 | D:2      | Reached skill level 1 in Invocations
   259 | D:2      | Reached skill level 1 in Fighting
   259 | D:2      | Reached skill level 1 in Short Blades
   259 | D:2      | Reached skill level 1 in Long Blades
   259 | D:2      | Reached skill level 1 in Axes
   259 | D:2      | Reached skill level 1 in Maces & Flails
   259 | D:2      | Reached skill level 1 in Polearms
   259 | D:2      | Reached skill level 1 in Staves
   259 | D:2      | Reached skill level 1 in Slings
   259 | D:2      | Reached skill level 1 in Bows
   259 | D:2      | Reached skill level 1 in Crossbows
   259 | D:2      | Reached skill level 1 in Throwing
   259 | D:2      | Reached skill level 1 in Armour
   259 | D:2      | Reached skill level 1 in Shields
   259 | D:2      | Reached skill level 1 in Unarmed Combat
   259 | D:2      | Reached skill level 1 in Evocations
   310 | D:3      | Noticed Natasha
   316 | D:3      | Killed Natasha
   316 | D:3      | Reached XP level 4. HP: 22/32 MP: 4/11
   354 | D:3      | Learned a level 3 spell: Ozocubu's Armour
   359 | D:3      | Learned a level 4 spell: Summon Ice Beast
   360 | D:3      | Found a bloodstained altar of Trog.
   365 | D:3      | Noticed Grinder
   390 | D:4      | Reached skill level 1 in Hexes
   390 | D:4      | Reached skill level 1 in Charms
   390 | D:4      | Reached skill level 1 in Summonings
   390 | D:4      | Reached skill level 1 in Necromancy
   390 | D:4      | Reached skill level 1 in Translocations
   390 | D:4      | Reached skill level 1 in Transmutations
   390 | D:4      | Reached skill level 1 in Fire Magic
   390 | D:4      | Reached skill level 1 in Air Magic
   390 | D:4      | Reached skill level 1 in Earth Magic
   390 | D:4      | Reached skill level 1 in Poison Magic
   451 | D:4      | Found a staircase to the Ecumenical Temple.
   456 | D:4      | Noticed a hippogriff
   460 | Temple   | Entered the Ecumenical Temple
   526 | Temple   | Quit the game

Skill      XL: |  1  2  3  4 |
---------------+-------------+-----
Conjurations   | 2 |  2.3
Spellcasting   | 5 |  5.1
Invocations    | 1 |  1.3
Fighting       | 1 |  1.2
Short Blades   | 1 |  1.2
Long Blades    | 1 |  1.2
Axes           | 1 |  1.2
Maces & Flails | 1 |  1.2
Polearms       | 1 |  1.2
Staves         | 1 |  1.2
Slings         | 1 |  1.2
Bows           | 1 |  1.2
Crossbows      | 1 |  1.2
Throwing       | 1 |  1.2
Armour         | 1 |  1.2
Shields        | 1 |  1.2
Unarmed Combat | 1 |  1.2
Evocations     | 1 |  1.2
Hexes          | 1 |  1.0
Charms         | 1 |  1.0
Summonings     | 1 |  1.0
Necromancy     | 1 |  1.0
Translocations | 1 |  1.0
Transmutations | 1 |  1.0
Fire Magic     | 1 |  1.0
Air Magic      | 1 |  1.0
Earth Magic    | 1 |  1.0
Poison Magic   | 1 |  1.0
Dodging        | |  4.7
Stealth        | |  4.3
Ice Magic      | |  5.5

Action                   |  1- 3 |  4- 6 || total
-------------------------+-------+-------++-------
Melee: Dagger            |    18 |    13 ||    31
       Bite              |     1 |       ||     1
 Cast: Freeze            |    23 |    13 ||    36
  Use: Scroll            |       |     5 ||     5
       Potion            |       |     4 ||     4
 Stab: Sleeping          |     6 |       ||     6
Armor: Robe              |     2 |     2 ||     4
Dodge: Dodged            |    26 |     8 ||    34

Table legend:
 A = Turns spent in this place as a percentage of turns spent in the entire game.
 B = Non-inter-level travel turns spent in this place as a percentage of non-inter-level travel turns spent in the entire game.
 C = Inter-level travel turns spent in this place as a percentage of turns spent in this place.
 D = Turns resting spent in this place as a percentage of non-inter-level travel turns spent in this place.
 E = Turns spent auto-exploring this place as a percentage of non-inter-level travel turns spent in this place.
 F = Non-inter-level travel turns spent in this place divided by the number of levels of this place that you've seen.
                   A       B       C       D       E      F
               +-------+-------+-------+-------+-------+----------------------
         Total | 100.0 | 100.0 |   3.4 |   0.0 |   0.0 | 101.6
       Dungeon |  87.5 |  90.6 |   0.0 |   0.0 |   0.0 | 115.0
        Temple |  12.5 |   9.4 |  27.3 |   0.0 |   0.0 |  48.0
               +-------+-------+-------+-------+-------+----------------------

Table legend:
 A = Kills in this place as a percentage of kills in entire the game.
 B = Kills by you in this place as a percentage of kills by you in the entire game.
 C = Kills by friends in this place as a percentage of kills by friends in the entire game.
 D = Other kills in this place as a percentage of other kills in the entire game.
 E = Experience gained in this place as a percentage of experience gained in the entire game.
 F = Experience gained in this place divided by the number of levels of this place that you have seen.
                   A       B       C       D       E      F
               +-------+-------+-------+-------+-------+----------------------
         Total | 100.0 | 100.0 |   N/A |   N/A | 100.0 |  29.2
       Dungeon | 100.0 | 100.0 |   N/A |   N/A | 100.0 |  36.5
               +-------+-------+-------+-------+-------+----------------------

Vault maps used:
D:1:      dpeg_arrival_windows_large_door, minmay_tromino_mix6
D:2:      uniq_crazy_yiuf_cottage, uniq_terence
D:3:      trog_three_pillars_becter, uniq_grinder, uniq_natasha, uniq_jessica
D:4:      tso_altar, minmay_temple_entry_mist, first_ration, uniq_robin,
          uniq_edmund
Temple:   lightli_temple_of_artemis
